General information
			
			
        
        - name: BNet
 
        - type: Ladder team game (AT/RT)
 
        - host: Battle.net
 
        - saver: iggy_the_fisk
 
        
map: RiceFields 
        - players: 6
 
        - length: 85:20
 
        - speed: Fast
 - version: 1.22 W3XP
 - replay type:  

 
» download(672 KB)
Players
        team 1 (loser) 
              
              
PlzSayNlGGER (
blue | 78 APM | 6683 actions | 85:12)
              
 8 Dreadlord 
 2 Vampiric Aura
 3 Carrion Swarm
 1 Inferno
 2 Sleep
 1 Death Knight 
 1 Death Pact
 
                » actions 
                
                | Assign group hotkey | 104 |  | 
| Basic commands | 211 |  | 
| Build / train | 180 |  | 
| Enter build submenu | 34 |  | 
| Enter hero's abilities submenu | 9 |  | 
| Right click | 3728 |  | 
| Select / deselect | 1386 |  | 
| Select group hotkey | 703 |  | 
| Use ability | 328 |  | 
                6683 total
 » units 
                
                | Acolyte | 37 |  | 
| Ghoul | 16 |  | 
| Meatwagon | 61 |  | 
| Necromancer | 13 |  | 
| Gargoyle | 11 |  | 
| Frost Wyrm | 5 |  | 
                143 total
 » upgrades
                
                | Exhume Corpses | 1 |  | 
| Necromancer Training | 2 |  | 
| Skeletal Mastery | 2 |  | 
| Skeletal Longevity | 1 |  | 
| Unholy Strength | 3 |  | 
| Unholy Armor | 3 |  | 
| Ghoul Frenzy | 1 |  | 
                13 total
 » buildings
                
                | Crypt | 1 |  | 
| Graveyard | 1 |  | 
| Ziggurat | 9 |  | 
| Altar of Darkness | 1 |  | 
| Tomb of Relics | 1 |  | 
| Halls of the Dead | 2 |  | 
| Black Citadel | 1 |  | 
| Slaughterhouse | 4 |  | 
| Temple of the Damned | 2 |  | 
| Sacrificial Pit | 2 |  | 
| Spirit Tower | 3 |  | 
| Boneyard | 3 |  | 
                30 total
 » build order
                00:06 Crypt
00:10 Graveyard
00:38 Ziggurat
00:56 Altar of Darkness
01:49 Tomb of Relics
02:02 Ziggurat
02:58 Halls of the Dead
02:58 Halls of the Dead
04:13 Ziggurat
05:20 Black Citadel
05:32 Slaughterhouse
06:05 Temple of the Damned
06:18 Temple of the Damned
07:06 Ziggurat
07:14 Sacrificial Pit
11:16 Ziggurat
11:18 Ziggurat
12:18 Ziggurat
22:28 Spirit Tower
40:07 Slaughterhouse
40:09 Slaughterhouse
40:12 Slaughterhouse
50:32 Ziggurat
51:12 Ziggurat
55:59 Spirit Tower
55:59 Spirit Tower
75:15 Sacrificial Pit
76:45 Boneyard
76:46 Boneyard
76:51 Boneyard
» items
                
                | Rod of Necromancy | 3 |  | 
| Potion of Invulnerability | 1 |  | 
| Orb of Corruption | 1 |  | 
| Potion of Mana | 2 |  | 
                7 total
  
               
              
              
PlzTP (
pink | 52 APM | 4450 actions | 85:18)
              
 10 Death Knight 
 3 Death Coil
 3 Death Pact
 3 Unholy Aura
 1 Animate Dead
 1 Crypt Lord 
 1 Carrion Beetles
 
                » actions 
                
                | Assign group hotkey | 2 |  | 
| Basic commands | 159 |  | 
| Build / train | 108 |  | 
| Enter build submenu | 17 |  | 
| Enter hero's abilities submenu | 12 |  | 
| Give item / drop item | 2 |  | 
| Right click | 2677 |  | 
| Select / deselect | 1195 |  | 
| Use ability | 278 |  | 
                4450 total
 » units 
                
                | Acolyte | 28 |  | 
| Ghoul | 17 |  | 
| Abomination | 19 |  | 
| Obsidian Statue | 5 |  | 
| Meatwagon | 4 |  | 
| Gargoyle | 7 |  | 
                80 total
 » upgrades
                
                | Disease Cloud | 1 |  | 
| Unholy Strength | 3 |  | 
| Unholy Armor | 4 |  | 
                8 total
 » buildings
                
                | Ziggurat | 7 |  | 
| Crypt | 1 |  | 
| Altar of Darkness | 1 |  | 
| Tomb of Relics | 1 |  | 
| Halls of the Dead | 1 |  | 
| Graveyard | 1 |  | 
| Black Citadel | 2 |  | 
| Slaughterhouse | 2 |  | 
| Spirit Tower | 1 |  | 
                17 total
 » build order
                00:06 Ziggurat
00:09 Crypt
00:35 Altar of Darkness
00:59 Tomb of Relics
01:27 Ziggurat
03:01 Ziggurat
03:42 Halls of the Dead
06:21 Graveyard
07:05 Ziggurat
07:59 Black Citadel
09:43 Slaughterhouse
09:47 Slaughterhouse
11:08 Ziggurat
12:29 Ziggurat
12:33 Ziggurat
28:06 Spirit Tower
62:06 Black Citadel
» items
                
                | Rod of Necromancy | 1 |  | 
| Potion of Healing | 1 |  | 
                2 total
  
               
              
              
SONATINA (
purple | 115 APM | 5795 actions | 50:24)
              
 8 Death Knight 
 3 Unholy Aura
 3 Death Coil
 1 Animate Dead
 1 Death Pact
 7 Crypt Lord 
 3 Impale
 3 Spiked Carapace
 1 Locust Swarm
 
                » actions 
                
                | Assign group hotkey | 114 |  | 
| Basic commands | 336 |  | 
| Build / train | 235 |  | 
| Enter build submenu | 19 |  | 
| Enter hero's abilities submenu | 15 |  | 
| Right click | 2208 |  | 
| Select / deselect | 577 |  | 
| Select group hotkey | 2183 |  | 
| Use ability | 108 |  | 
                5795 total
 » units 
                
                | Acolyte | 10 |  | 
| Ghoul | 43 |  | 
| Gargoyle | 143 |  | 
                196 total
 » upgrades
                
                | Creature Attack | 2 |  | 
| Creature Carapace | 2 |  | 
                4 total
 » buildings
                
                | Crypt | 2 |  | 
| Altar of Darkness | 1 |  | 
| Ziggurat | 8 |  | 
| Tomb of Relics | 3 |  | 
| Halls of the Dead | 3 |  | 
| Graveyard | 1 |  | 
                18 total
 » build order
                00:07 Crypt
00:26 Altar of Darkness
00:34 Ziggurat
00:51 Tomb of Relics
00:58 Tomb of Relics
01:03 Tomb of Relics
01:22 Ziggurat
02:07 Crypt
03:38 Ziggurat
04:59 Halls of the Dead
04:59 Halls of the Dead
05:48 Ziggurat
06:10 Graveyard
07:17 Ziggurat
08:51 Ziggurat
12:15 Ziggurat
22:16 Ziggurat
» items
                 
               team 2 (winner) 
              
              
bLinn (
yellow | 129 APM | 10967 actions | 85:19)
              
 9 Mountain King 
 3 Storm Bolt
 3 Bash
 3 Avatar
 7 Paladin 
 3 Holy Light
 3 Divine Shield
 1 Devotion Aura
 6 Blood Mage 
 1 Banish
 3 Flame Strike
 1 Siphon Mana
 1 Summon Phoenix
 
                » actions 
                
                | Assign group hotkey | 285 |  | 
| Basic commands | 19 |  | 
| Build / train | 206 |  | 
| ESC pressed | 8 |  | 
| Enter build submenu | 100 |  | 
| Enter hero's abilities submenu | 21 |  | 
| Give item / drop item | 15 |  | 
| Remove unit from queue | 5 |  | 
| Right click | 7174 |  | 
| Select / deselect | 1627 |  | 
| Select group hotkey | 1056 |  | 
| Use ability | 451 |  | 
                10967 total
 » units 
                
                | Peasant | 17 |  | 
| Flying Machine | 29 |  | 
| Priest | 3 |  | 
                49 total
 » upgrades
                
                | Masonry | 3 |  | 
| Plating | 3 |  | 
| Gunpowder | 3 |  | 
| Lumber Harvesting | 1 |  | 
| Flak Cannons | 1 |  | 
| Swords | 0 |  | 
| Flying Machine Bombs | 1 |  | 
| Priest Training | 2 |  | 
                14 total
 » buildings
                
                | Altar of Kings | 2 |  | 
| Farm | 11 |  | 
| Lumber Mill | 2 |  | 
| Scout Tower | 68 |  | 
| Arcane Tower | 2 |  | 
| Guard Tower | 57 |  | 
| Arcane Vault | 4 |  | 
| Keep | 2 |  | 
| Blacksmith | 1 |  | 
| Castle | 3 |  | 
| Workshop | 3 |  | 
| Town Hall | 11 |  | 
| Arcane Sanctum | 1 |  | 
                167 total
 » build order
                00:01 Altar of Kings
00:12 Farm
00:23 Lumber Mill
00:32 Farm
01:23 Scout Tower
01:27 Scout Tower
01:39 Scout Tower
02:11 Arcane Tower
02:11 Arcane Tower
02:21 Guard Tower
02:21 Guard Tower
02:21 Guard Tower
02:22 Guard Tower
02:58 Guard Tower
02:58 Guard Tower
03:00 Arcane Vault
03:03 Scout Tower
03:03 Scout Tower
03:04 Scout Tower
03:12 Farm
03:37 Guard Tower
03:37 Guard Tower
03:40 Guard Tower
03:40 Guard Tower
03:41 Guard Tower
04:11 Scout Tower
04:11 Scout Tower
04:13 Guard Tower
04:13 Guard Tower
04:20 Scout Tower
04:40 Guard Tower
04:44 Scout Tower
05:06 Scout Tower
05:07 Scout Tower
05:14 Scout Tower
05:15 Guard Tower
05:16 Guard Tower
05:44 Guard Tower
05:44 Guard Tower
05:51 Scout Tower
06:00 Keep
06:08 Guard Tower
06:09 Guard Tower
06:21 Guard Tower
06:21 Guard Tower
06:29 Blacksmith
07:18 Scout Tower
07:18 Scout Tower
07:18 Scout Tower
07:19 Scout Tower
07:19 Scout Tower
07:33 Scout Tower
07:35 Scout Tower
07:36 Scout Tower
07:36 Scout Tower
08:29 Guard Tower
09:34 Guard Tower
09:35 Guard Tower
09:50 Castle
09:51 Castle
09:54 Guard Tower
10:01 Farm
10:28 Workshop
10:28 Workshop
10:36 Workshop
10:42 Scout Tower
10:43 Scout Tower
10:44 Scout Tower
10:47 Scout Tower
10:48 Scout Tower
10:48 Scout Tower
11:29 Guard Tower
11:33 Farm
11:34 Farm
11:34 Farm
11:35 Farm
12:25 Guard Tower
13:18 Lumber Mill
17:58 Town Hall
17:59 Scout Tower
17:59 Scout Tower
18:00 Scout Tower
18:01 Scout Tower
18:46 Guard Tower
18:46 Guard Tower
22:06 Guard Tower
22:07 Guard Tower
22:15 Scout Tower
22:15 Scout Tower
22:16 Scout Tower
22:16 Scout Tower
22:17 Scout Tower
22:18 Scout Tower
22:18 Scout Tower
22:18 Scout Tower
22:19 Scout Tower
22:19 Scout Tower
22:27 Arcane Sanctum
22:53 Guard Tower
22:53 Guard Tower
23:52 Guard Tower
23:53 Guard Tower
24:49 Guard Tower
24:49 Guard Tower
25:21 Scout Tower
25:22 Scout Tower
25:23 Scout Tower
25:24 Scout Tower
25:25 Scout Tower
25:58 Scout Tower
26:00 Scout Tower
26:01 Scout Tower
26:02 Scout Tower
26:11 Guard Tower
26:12 Guard Tower
26:58 Scout Tower
26:59 Scout Tower
27:01 Scout Tower
27:01 Scout Tower
27:09 Guard Tower
27:18 Town Hall
27:26 Guard Tower
27:26 Guard Tower
27:38 Guard Tower
29:10 Scout Tower
29:10 Scout Tower
30:29 Guard Tower
30:30 Guard Tower
30:45 Guard Tower
30:45 Guard Tower
42:53 Town Hall
43:00 Town Hall
43:24 Town Hall
43:27 Town Hall
43:31 Town Hall
43:39 Town Hall
43:45 Town Hall
46:58 Town Hall
47:06 Scout Tower
47:07 Scout Tower
47:09 Scout Tower
47:11 Scout Tower
47:12 Scout Tower
47:13 Scout Tower
47:33 Guard Tower
47:33 Guard Tower
48:01 Guard Tower
48:01 Guard Tower
49:21 Guard Tower
50:19 Arcane Vault
50:31 Scout Tower
50:32 Scout Tower
50:32 Scout Tower
50:33 Scout Tower
50:37 Town Hall
51:15 Guard Tower
51:40 Arcane Vault
52:03 Arcane Vault
54:24 Altar of Kings
54:25 Farm
56:55 Farm
57:41 Farm
» items
                
                | Lesser Clarity Potion | 5 |  | 
| Mechanical Critter | 1 |  | 
| Scroll of Regeneration | 4 |  | 
| Staff of Sanctuary | 2 |  | 
| Orb of Fire | 1 |  | 
| Scroll of Town Portal | 4 |  | 
                17 total
  
               
              
              
iggy_the_fisk (
red | 119 APM | 10168 actions | 85:20)
              
 7 Mountain King 
 3 Storm Bolt
 3 Bash
 1 Avatar
 6 Paladin 
 3 Holy Light
 3 Divine Shield
 6 Blood Mage 
 1 Banish
 3 Flame Strike
 1 Siphon Mana
 1 Summon Phoenix
 
                » actions 
                
                | Assign group hotkey | 319 |  | 
| Basic commands | 18 |  | 
| Build / train | 221 |  | 
| Enter build submenu | 170 |  | 
| Enter hero's abilities submenu | 20 |  | 
| Give item / drop item | 2 |  | 
| Remove unit from queue | 8 |  | 
| Right click | 5525 |  | 
| Select / deselect | 1039 |  | 
| Select group hotkey | 2331 |  | 
| Use ability | 509 |  | 
                10168 total
 » units 
                
                | Peasant | 46 |  | 
| Priest | 4 |  | 
| Gryphon Rider | 7 |  | 
                57 total
 » upgrades
                
                | Masonry | 3 |  | 
| Lumber Harvesting | 2 |  | 
| Magic Sentry | 1 |  | 
| Priest Training | 2 |  | 
| Storm Hammers | 1 |  | 
| Animal War Training | 1 |  | 
                10 total
 » buildings
                
                | Altar of Kings | 3 |  | 
| Lumber Mill | 3 |  | 
| Farm | 15 |  | 
| Scout Tower | 128 |  | 
| Arcane Tower | 11 |  | 
| Guard Tower | 72 |  | 
| Keep | 2 |  | 
| Arcane Vault | 4 |  | 
| Castle | 2 |  | 
| Arcane Sanctum | 1 |  | 
| Blacksmith | 3 |  | 
| Town Hall | 10 |  | 
| Gryphon Aviary | 2 |  | 
| Barracks | 1 |  | 
                257 total
 » build order
                00:04 Altar of Kings
00:18 Lumber Mill
00:24 Farm
00:50 Scout Tower
00:59 Farm
01:15 Scout Tower
01:16 Scout Tower
01:34 Arcane Tower
01:35 Arcane Tower
01:35 Arcane Tower
01:35 Arcane Tower
01:43 Scout Tower
02:01 Arcane Tower
02:01 Arcane Tower
02:02 Arcane Tower
02:09 Scout Tower
02:10 Scout Tower
02:12 Guard Tower
02:12 Guard Tower
02:15 Guard Tower
02:17 Scout Tower
02:18 Scout Tower
02:44 Guard Tower
02:45 Scout Tower
02:46 Scout Tower
02:50 Guard Tower
02:53 Farm
03:02 Scout Tower
03:03 Scout Tower
03:17 Guard Tower
03:22 Guard Tower
03:32 Guard Tower
03:34 Scout Tower
03:43 Guard Tower
03:57 Scout Tower
04:00 Guard Tower
04:03 Scout Tower
04:04 Scout Tower
04:06 Keep
04:11 Scout Tower
04:12 Scout Tower
04:17 Guard Tower
04:24 Guard Tower
04:32 Guard Tower
04:54 Scout Tower
05:13 Guard Tower
05:14 Scout Tower
05:15 Scout Tower
05:19 Scout Tower
05:21 Guard Tower
05:22 Scout Tower
05:23 Scout Tower
05:30 Guard Tower
05:33 Arcane Vault
05:53 Guard Tower
05:58 Guard Tower
06:18 Farm
06:19 Guard Tower
06:21 Scout Tower
06:21 Scout Tower
06:37 Castle
07:29 Arcane Sanctum
07:37 Guard Tower
07:39 Scout Tower
07:42 Scout Tower
07:51 Scout Tower
08:33 Guard Tower
08:34 Scout Tower
09:42 Guard Tower
10:30 Scout Tower
10:33 Guard Tower
10:39 Scout Tower
11:17 Guard Tower
11:39 Scout Tower
11:47 Guard Tower
12:53 Guard Tower
12:55 Arcane Vault
13:06 Scout Tower
13:08 Scout Tower
13:09 Scout Tower
13:10 Scout Tower
13:12 Scout Tower
13:13 Scout Tower
13:13 Scout Tower
13:16 Scout Tower
13:16 Scout Tower
13:17 Scout Tower
13:20 Scout Tower
13:21 Scout Tower
13:21 Scout Tower
13:22 Scout Tower
13:25 Scout Tower
13:25 Scout Tower
13:26 Scout Tower
13:27 Scout Tower
13:30 Scout Tower
13:31 Scout Tower
13:32 Scout Tower
13:58 Guard Tower
14:28 Guard Tower
14:30 Scout Tower
14:32 Guard Tower
14:40 Farm
14:43 Scout Tower
14:45 Guard Tower
14:51 Guard Tower
14:57 Scout Tower
14:57 Scout Tower
15:01 Guard Tower
15:01 Guard Tower
15:01 Guard Tower
15:04 Scout Tower
15:05 Scout Tower
15:10 Guard Tower
15:15 Guard Tower
15:17 Scout Tower
15:17 Scout Tower
15:27 Arcane Vault
15:30 Scout Tower
15:33 Scout Tower
15:34 Scout Tower
15:49 Arcane Tower
16:04 Guard Tower
16:14 Guard Tower
17:07 Guard Tower
17:45 Scout Tower
17:58 Scout Tower
18:14 Scout Tower
18:45 Guard Tower
18:46 Scout Tower
18:53 Guard Tower
18:55 Scout Tower
19:40 Guard Tower
19:48 Scout Tower
19:49 Scout Tower
21:39 Scout Tower
21:55 Scout Tower
21:55 Scout Tower
21:58 Blacksmith
22:28 Town Hall
22:29 Guard Tower
22:32 Scout Tower
22:33 Scout Tower
22:34 Scout Tower
22:35 Scout Tower
22:47 Scout Tower
23:04 Guard Tower
23:35 Guard Tower
24:11 Guard Tower
24:16 Scout Tower
24:27 Scout Tower
24:28 Scout Tower
24:32 Altar of Kings
24:54 Scout Tower
24:55 Scout Tower
25:05 Town Hall
25:11 Guard Tower
25:12 Scout Tower
25:12 Scout Tower
25:22 Guard Tower
25:23 Guard Tower
25:23 Guard Tower
25:43 Scout Tower
25:44 Scout Tower
25:51 Guard Tower
25:53 Scout Tower
25:53 Scout Tower
25:59 Scout Tower
26:00 Scout Tower
26:16 Scout Tower
26:17 Scout Tower
26:25 Lumber Mill
26:47 Arcane Tower
27:43 Farm
27:44 Farm
28:07 Farm
28:10 Guard Tower
28:14 Town Hall
28:26 Farm
33:25 Town Hall
38:01 Scout Tower
38:03 Scout Tower
38:29 Guard Tower
39:06 Guard Tower
39:49 Town Hall
43:07 Town Hall
46:43 Keep
50:31 Scout Tower
50:32 Scout Tower
50:33 Scout Tower
50:34 Scout Tower
51:31 Guard Tower
52:08 Guard Tower
52:24 Altar of Kings
52:25 Guard Tower
53:44 Farm
54:27 Scout Tower
55:12 Scout Tower
55:13 Scout Tower
55:20 Guard Tower
55:23 Scout Tower
55:28 Scout Tower
55:43 Castle
57:42 Lumber Mill
57:52 Scout Tower
58:25 Guard Tower
58:27 Scout Tower
58:38 Arcane Vault
59:21 Guard Tower
59:24 Scout Tower
60:16 Gryphon Aviary
60:18 Gryphon Aviary
60:20 Farm
60:21 Farm
60:29 Blacksmith
61:27 Farm
61:27 Farm
61:32 Blacksmith
61:45 Barracks
68:47 Scout Tower
68:48 Scout Tower
68:53 Scout Tower
74:40 Town Hall
74:46 Town Hall
74:51 Town Hall
77:41 Scout Tower
77:43 Scout Tower
78:24 Guard Tower
80:06 Guard Tower
80:49 Scout Tower
80:50 Scout Tower
80:52 Scout Tower
80:52 Scout Tower
81:43 Town Hall
81:46 Scout Tower
82:56 Guard Tower
82:58 Scout Tower
82:58 Scout Tower
83:16 Farm
83:20 Scout Tower
83:20 Scout Tower
83:31 Scout Tower
83:31 Scout Tower
83:32 Guard Tower
83:46 Scout Tower
83:50 Guard Tower
83:51 Guard Tower
83:53 Scout Tower
83:55 Scout Tower
84:37 Guard Tower
» items
                
                | Scroll of Town Portal | 8 |  | 
| Lesser Clarity Potion | 8 |  | 
| Scroll of Regeneration | 8 |  | 
| Potion of Healing | 2 |  | 
| Orb of Venom | 1 |  | 
| Staff of Preservation | 1 |  | 
| Staff of Sanctuary | 1 |  | 
                29 total
  
               
              
              
timg4strok (
orange | 88 APM | 7467 actions | 85:19)
              
 3 Demon Hunter 
 2 Mana Burn
 1 Evasion
 2 Pandaren Brewmaster 
 1 Breath of Fire
 1 Drunken Haze
 
                » actions 
                
                | Assign group hotkey | 28 |  | 
| Basic commands | 189 |  | 
| Build / train | 46 |  | 
| ESC pressed | 2 |  | 
| Enter build submenu | 17 |  | 
| Enter hero's abilities submenu | 5 |  | 
| Give item / drop item | 3 |  | 
| Right click | 4826 |  | 
| Select / deselect | 596 |  | 
| Select group hotkey | 1462 |  | 
| Use ability | 293 |  | 
                7467 total
 » units 
                » upgrades
                
                | Ultravision | 1 |  | 
| Abolish Magic | 1 |  | 
| Strength of the Wild | 1 |  | 
| Reinforced Hides | 1 |  | 
| Well Spring | 1 |  | 
| Nature's Blessing | 1 |  | 
                6 total
 » buildings
                
                | Altar of Elders | 1 |  | 
| Moon Well | 6 |  | 
| Ancient of Wonders | 3 |  | 
| Tree of Ages | 1 |  | 
| Hunter's Hall | 1 |  | 
| Ancient of Lore | 2 |  | 
| Tree of Eternity | 1 |  | 
| Tree of Life | 2 |  | 
                17 total
 » build order
                00:09 Altar of Elders
00:19 Moon Well
01:04 Moon Well
03:07 Moon Well
04:15 Ancient of Wonders
05:26 Tree of Ages
06:28 Hunter's Hall
08:35 Ancient of Lore
08:36 Ancient of Lore
09:28 Moon Well
09:29 Moon Well
09:58 Tree of Eternity
11:47 Tree of Life
14:02 Tree of Life
16:32 Ancient of Wonders
17:31 Moon Well
18:53 Ancient of Wonders
» items
                
                | Mana Stone | 1 |  | 
| Orb of Venom | 2 |  | 
| Staff of Preservation | 2 |  | 
| Staff of Sanctuary | 1 |  | 
| Scroll of Town Portal | 1 |  | 
                7 total
  
                Chat log
          (00:15 / All) PlzSayNlGGER: fiends purple
(00:27 / All) timg4strok: who the fuck gets fiends in team game......................
(00:35 / All) PlzSayNlGGER: we do noob
(00:39 / All) iggy_the_fisk: fiends dk every single one of you
(00:42 / All) iggy_the_fisk: just like you get every game
(00:43 / All) timg4strok: 3 undead thanks for losing
(00:43 / All) PlzSayNlGGER: no shit
(00:45 / All) iggy_the_fisk: you ever play
(00:48 / All) bLinn: check this right, we'll go 3 undead and coil each other
(01:06 / All) PlzSayNlGGER: no
(01:07 / All) PlzSayNlGGER: we nuke u
(01:10 / All) PlzSayNlGGER: 3 nukes
(01:12 / All) PlzSayNlGGER: 3 wisps
(01:13 / All) PlzSayNlGGER: np
(01:16 / All) PlzSayNlGGER: or
(01:17 / All) PlzSayNlGGER: 3 nukes
(01:19 / All) PlzSayNlGGER: ! hero
(01:19 / All) bLinn: noice - borat
(01:30 / All) timg4strok: good thing human nuke is better than undead :)
(01:46 / All) PlzSayNlGGER: i raped ur mother last night nigger
(01:58 / All) timg4strok: damn..............he said nigger....
(02:06 / All) PlzSayNlGGER: PLZ SAY IT
(02:07 / All) PlzTP: OH SHIT THAT NIGGA DID IT
(02:26 / All) timg4strok: thanks for being shit at this game and dishing out a free win
(04:50 / All) timg4strok: LOL
(04:52 / All) timg4strok: gg
(09:17 / All) iggy_the_fisk: noob blue
(09:33 / All) PlzSayNlGGER: noob
(09:38 / All) iggy_the_fisk: sweet coil
(14:12 / All) timg4strok: aboms really
(19:36 / All) PlzSayNlGGER: ur bad
(19:37 / All) PlzSayNlGGER: nigger
(20:28 / All) SONATINA: didn't lose a garg..
(20:34 / All) PlzSayNlGGER: were so bad
(21:05 / All) PlzTP: YEA GO FAGGOT CUBERS
(21:41 / All) PlzSayNlGGER: dh ftw
(22:47 / All) timg4strok: lmfao retard
(24:16 / All) PlzTP: if ur gunna use heroes
(24:17 / All) PlzTP: use it right
(25:20 / All) timg4strok: have you healed your heroes once this game lmfoa
(25:25 / All) PlzSayNlGGER: nope
(25:29 / All) PlzSayNlGGER: have u sucked this much every game
(25:30 / All) PlzTP: busy nuking urs
(25:56 / All) PlzTP: i take that as a yes
(30:39 / All) SONATINA: sup
(30:42 / All) PlzTP: HAI
(31:17 / All) timg4strok: god damn blue
(31:19 / All) timg4strok: that was terrible
(32:53 / All) timg4strok: retard
(32:56 / All) bLinn: hahaha
(72:52 / All) PlzTP: fucking hero dryad
(72:53 / All) PlzTP: fuck u
(82:14 / All) iggy_the_fisk: so guys
(82:16 / All) iggy_the_fisk: How did you manage this
(82:23 / All) PlzSayNlGGER: how did u manage to be so gay
(82:24 / All) PlzSayNlGGER: u tell me
(84:23 / All) timg4strok: gg........
(84:28 / All) timg4strok: likle i said,,,,,,,thanks for win...
(85:14 / All) timg4strok: gg
(85:15 / All) iggy_the_fisk: shitnoob
(85:16 / All) timg4strok: ty